 Dungeon Crawl Stone Soup version 0.30.1-11-g7821555f0a (webtiles) character file.

Game seed: 11896292139524886529

35 Skitler the Chopper (level 3, 0/34 HPs)
             Began as a Hill Orc Monk on Jan 9, 2024.
             Killed from afar by a dart slug (5 damage)
             ... with a slug dart
             ... on level 2 of the Dungeon.
             The game lasted 00:02:38 (1176 turns).

Skitler the Chopper (Hill Orc Monk)                 Turns: 1176, Time: 00:02:38

Health: 0/34       AC:  2    Str: 15    XL:     3   Next: 35%
Magic:  3/3        EV: 12    Int: 10    God:
Gold:   68         SH:  0    Dex: 13    Spells: 2/2 levels left

rFire   . . .        a - +0 hand axe
rCold   + . .        d - orb {light}
rNeg    . . .        m - +0 robe {rC+}
rPois   .            (no helmet)
rElec   .            (no cloak)
rCorr   .            (no gloves)
SInv    .            (no boots)
Will    .....        (no amulet)
Stlth   +            (no ring)
HPRegen 0.25/turn    (no ring)
MPRegen 0.08/turn

%: no passive effects
@: glowing
A: no striking features
a: no special abilities


You were on level 2 of the Dungeon.
You visited 1 branch of the dungeon, and saw 2 of its levels.

You collected 68 gold pieces.

Inventory:

Hand Weapons
 a - a +0 hand axe (weapon)
Missiles
 k - 6 javelins (quivered)
Armour
 b - a +0 robe
 d - an orb of light (worn)
 m - a +0 robe of cold resistance (worn)
Jewellery
 j - a ring of magical power
Scrolls
 e - a scroll of torment {unknown}
 n - 3 scrolls of identify {unknown}
 o - a scroll of silence {unknown}
Potions
 c - 2 potions of ambrosia
 f - a potion of heal wounds {unknown}
 g - a potion of haste {unknown}
 h - 2 potions of flight {unknown}
 i - 2 potions of magic {unknown}
 l - a potion of invisibility {unknown}


   Skills:
 * Level 4.4 Fighting
 + Level 4.6 Axes
 - Level 2.4 Dodging
 + Level 0.1 Stealth
 * Level 0.6 Shields
 * Level 1.0 Invocations


You had 2 spell levels left.
You didn't know any spells.
Your spell library contained the following spells:

 Spells                   Type           Power      Damage    Failure   Level
 Summon Small Mammal      Summ           0%         N/A       36%         1
 Call Canine Familiar     Summ           0%         N/A       75%         3
 Summon Guardian Golem    Hex/Summ       0%         N/A       75%         3


Dungeon Overview and Level Annotations

Branches:
Dungeon (2/15)

Altars:


Message History

You completely miss the endoplasm. The endoplasm freezes you.
You are frozen.
You resist.
The dart slug briefly extends its eye-stalks.
You slash the endoplasm!
You kill the endoplasm!
The dart slug launches a dart at you. The slug dart misses you.
You hit the dart slug.
The dart slug is lightly wounded.
The dart slug launches a dart at you. The slug dart hits you.
The dart slug launches a dart at you. The slug dart hits you.
The dart slug launches a dart at you. The slug dart hits you.
The worm bites you!
You hit the worm.
The worm is lightly wounded.
The worm misses you.
You hit the worm.
The worm is lightly wounded.
You hit the worm.
The worm is moderately wounded.
The worm bites you.
* * * LOW HITPOINT WARNING * * *
You hit the worm.
The worm is heavily wounded.
You hit the worm.
The worm is almost dead.
The worm misses you.
You hit the worm but do no damage.
The worm is almost dead.
The worm bites you.
* * * LOW HITPOINT WARNING * * *
You hit the worm.
You kill the worm!
The dart slug launches a dart at you. The slug dart hits you.
You die...

#### ..# #.#
.#########.##############
......w†@................
.......####.........####.
....... ##..#####.####
....... ####.##..#....#
....... #.....#...###.#
....... ##.###.....# #
....... ...#####...#
......# #........#
#<.......#.#


You could see a dart slug.

Vanquished Creatures
  A worm (D:2)
  2 dart slugs (D:1)
  3 ball pythons (D:1)
  2 bats (D:1)
  3 endoplasms
  A giant cockroach (D:1)
  2 goblins (D:1)
  A hobgoblin (D:1)
  6 jackals (D:1)
  5 kobolds (D:1)
  3 rats (D:1)
29 creatures vanquished.

Notes
Turn   | Place    | Note
-------+----------+-------------------------------------------
     0 | D:1      | Skitler the Hill Orc Monk began the quest for the Orb.
     0 | D:1      | Reached XP level 1. HP: 19/19 MP: 1/1
   270 | D:1      | Reached XP level 2. HP: 23/27 MP: 2/2
   410 | D:1      | Reached skill level 1 in Invocations
   410 | D:1      | Reached XP level 3. HP: 21/33 MP: 3/3
  1176 | D:2      | Killed from afar by a dart slug

Illustrated notes

Levels and vault maps discovered:
D:1:      nicolae_arrival_somewhat_less_tricky_arrival, layout_basic
D:2:      layout_basic, basic_altar, serial_shops, nicolae_shop_statue_plus,
          nicolae_shop_tiny_statue_garden, nicolae_shop_overgrown_old_shop, shop

Skill      XL: |  1  2 |
---------------+-------+-----
Fighting       | 4 |  4.4
Invocations    | 1 |  1.0
Axes           | |  4.6
Dodging        | |  2.4
Stealth        | |  0.1
Shields        | |  0.6

Action                     || total
---------------------------++-------
  Melee: Hand axe          ||    79
 Armour: Robe              ||    14
  Dodge: Dodged            ||    49
